 Dungeon Crawl Stone Soup version 0.30-b1-2-g02819fbbbe (webtiles) character file.

Game seed: 7740835399539077601

88 magipi the Conjurer (level 4, -9/24 HPs)
             Began as a Gargoyle Conjurer on June 10, 2023.
             Mangled by an ogre
             ... wielding a +0 giant spiked club
              (33 damage)
             ... on level 3 of the Dungeon.
             The game lasted 00:09:02 (3633 turns).

magipi the Conjurer (Gargoyle Conjurer)             Turns: 3633, Time: 00:09:02

Health: -9/24      AC:  6    Str: 11    XL:     4   Next: 53%
Magic:  5/8        EV: 11    Int: 20    God:
Gold:   183        SH:  0    Dex:  8    Spells: 3/8 levels left

rFire   + . .        a - +0 dagger
rCold   . . .        (no shield)
rNeg    + . .        d - +0 robe
rPois   ∞            k - +0 helmet
rElec   +            (no cloak)
rCorr   .            (no gloves)
SInv    .            (no boots)
Will    .....        (no amulet)
Stlth   ++           f - ring of protection from fire
HPRegen 0.24/turn    (no ring)
MPRegen 0.11/turn

%: no passive effects
@: no status effects
A: sickness immunity, AC +3, negative energy resistance 1, electricity
resistance, torment resistance 1, petrification resistance
a: no special abilities


You were on level 3 of the Dungeon.
You visited 1 branch of the dungeon, and saw 3 of its levels.

You collected 183 gold pieces.

Inventory:

Hand Weapons
 a - a +0 dagger (weapon)
   (You took it off a kobold on level 1 of the Dungeon)
 j - the +5 mace "Ciog" {freeze, rC++ rN+ Int+2 Dex-4}
   (You found it on level 2 of the Dungeon)

   Int:       It affects your intelligence (+2).
   Dex:       It affects your dexterity (-4).
   rC:        It greatly protects you from cold.
   rN:        It protects you from negative energy.
Armour
 d - a +0 robe (worn)
 k - a +0 helmet (worn)
   (You took it off Robin on level 2 of the Dungeon)
Jewellery
 f - a ring of protection from fire (left hand)
   (You found it on level 3 of the Dungeon)
Scrolls
 e - a scroll of amnesia {unknown}
 h - 5 scrolls of identify {unknown}
 n - a scroll of summoning {unknown}
 p - a scroll of fear {unknown}
Potions
 b - a potion of magic
 c - 2 potions of curing {unknown}
 g - a potion of brilliance {unknown}
 i - a potion of heal wounds {unknown}
 l - 2 potions of mutation {unknown}
 m - 2 potions of ambrosia {unknown}
 o - a potion of degeneration {unknown}


   Skills:
 - Level 1.5 Dodging
 - Level 2.1 Stealth
 + Level 2.8 Spellcasting
 * Level 5.8 Conjurations
 + Level 0.4 Translocations


You had 3 spell levels left.
You knew the following spells:

 Your Spells              Type           Power      Damage    Failure   Level
a - Magic Dart            Conj           100%       1d8       1%          1
b - Blink                 Tloc           8%         N/A       19%         2
r - Searing Ray           Conj           52%        2d6       1%          2

Your spell library contained the following spells:

 Spells                   Type           Power      Damage    Failure   Level
 Momentum Strike          Conj/Tloc      30%        3d8       6%          2
 Dazzling Flash           Conj/Hex       28%        N/A       13%         3
 Lesser Beckoning         Tloc           8%         N/A       19%         2
 Iskenderun's Mystic Bla  Conj/Tloc      15%        2d5       36%         4
 Fulminant Prism          Conj/Hex       7%         3d6       41%         4


Dungeon Overview and Level Annotations

Branches:
Dungeon (3/15)

Altars:
Kikubaaqudgha
Uskayaw


Innate Abilities, Weirdness & Mutations

You are immune to sickness and miasma.
Your stone body is resilient. (AC +3)
You are immune to poison.
You resist negative energy. (rN+)
You are resistant to electric shocks. (rElec)
You are resistant to unholy torment.
You are immune to petrification.


Message History

(Press . to maintain the ray.) Unknown command.
There is a stone staircase leading up here.
A rat comes into view.
The rat bites you.
You hit the rat.
You kill the rat!
Found an ancient bone altar of Kikubaaqudgha.
HP restored.
There is an ancient bone altar of Kikubaaqudgha here.
A quokka comes into view.
Casting: Searing Ray (safe; 1% risk of failure)
Confirm with . or Enter, or press ? or * to list all spells.
Aiming: Searing Ray (safe; 1% risk of failure)
Press: ? - help, Shift-Dir - straight line, f - quokka
Aim: a quokka (71% to hit)
The searing ray hits the quokka!
You kill the quokka! (Press . to maintain the ray.) Unknown command.
You start resting.
Magic restored.
An ogre comes into view. It is wielding a +0 giant spiked club.
The ogre shouts!
Unknown command.
Unknown command.
Casting: Searing Ray (safe; 1% risk of failure)
Confirm with . or Enter, or press ? or * to list all spells.
Aiming: Searing Ray (safe; 1% risk of failure)
Press: ? - help, Shift-Dir - straight line, f - ogre
Aim: an ogre, wielding a +0 giant spiked club (90% to hit)
The searing ray hits the ogre!
The ogre is moderately wounded. (Press . to maintain the ray.)
The ogre closely misses you.
The searing ray hits the ogre!
The ogre is severely wounded.
The ogre hits you with a +0 giant spiked club!!
Ouch! That really hurt!
You die...

.######################.###
.# #...####### .#
#..)....... .# #...#######
.# ## #### #..## .# .. ..#
#..# .#.# #.# #..# ...#
######.### #..# ####
#......@.# #... #.####.#O#
##.## ### #.#... ..# ......
#.##### ## ...... ##.## #
#####. ####...## #
.......#..####### # #
.#.###........... #
##..########


You could see an ogre.

Vanquished Creatures
  Robin (D:2)
  2 adders (D:3)
  A dart slug (D:1)
  A worm (D:2)
  An orc (D:3)
  2 ball pythons
  4 bats
  5 giant cockroaches
  12 goblins
  7 hobgoblins
  A quokka (D:3)
  8 kobolds
  4 rats
49 creatures vanquished.

Notes
Turn   | Place    | Note
-------+----------+-------------------------------------------
     0 | D:1      | magipi the Gargoyle Conjurer began the quest for the Orb.
     0 | D:1      | Reached XP level 1. HP: 10/10 MP: 3/3
   115 | D:1      | You fall into a shaft and drop 1 floor!
   180 | D:1      | Reached XP level 2. HP: 15/15 MP: 3/5
   183 | D:1      | Learned a level 2 spell: Searing Ray
   718 | D:2      | Reached skill level 5 in Conjurations
   972 | D:2      | Reached XP level 3. HP: 19/19 MP: 3/6
  1008 | D:2      | Noticed Robin
  1173 | D:2      | Found a faded altar of an unknown god.
  1413 | D:2      | Found a hide-covered altar of Uskayaw.
  1742 | D:2      | Identified the +5 mace "Ciog" {freeze, rC++ rN+ Int+2
                  | Dex-4}
  1967 | D:2      | Found a faded altar of an unknown god.
  2282 | D:2      | Found a hide-covered altar of Uskayaw.
  2738 | D:2      | Found a faded altar of an unknown god.
  2994 | D:2      | Found a hide-covered altar of Uskayaw.
  3018 | D:2      | Killed Robin
  3108 | D:3      | Reached XP level 4. HP: 23/24 MP: 8/8
  3117 | D:3      | Learned a level 2 spell: Blink
  3577 | D:3      | Found an ancient bone altar of Kikubaaqudgha.
  3631 | D:3      | Noticed an ogre
  3633 | D:3      | Mangled by an ogre

Illustrated notes

Levels and vault maps discovered:
D:1:      lightli_arrival_windingriver, layout_rooms, minmay_pentomino_z2
D:2:      layout_loops_corners, basic_altar, hellmonk_ecumenical_altar_blasted,
          uniq_robin
D:3:      layout_loops_ring, nicolae_uskayaw_suspiria,
          mainiacjoe_overflow_alcove_1

Skill      XL: |  1  2 |
---------------+-------+-----
Conjurations   | 5 |  5.8
Dodging        | |  1.5
Stealth        | |  2.1
Spellcasting   | |  2.8
Translocations | |  0.4

Action                     |  1- 3 |  4- 6 || total
---------------------------+-------+-------++-------
  Melee: Dagger            |    13 |    19 ||    32
   Cast: Magic Dart        |    13 |       ||    13
         Searing Ray       |    26 |     8 ||    34
 Armour: Robe              |    18 |    12 ||    30
  Dodge: Dodged            |    20 |    10 ||    30

Action                     |  1- 3 |  4- 6 || total
---------------------------+-------+-------++-------
  Melee: Dagger            |    13 |    19 ||    32
   Cast: Magic Dart        |    13 |       ||    13
         Searing Ray       |    26 |     8 ||    34
 Armour: Robe              |    18 |    12 ||    30
  Dodge: Dodged            |    20 |    10 ||    30
